 Dungeon Crawl Stone Soup version 0.24-a0-179-g7a2c91a (webtiles) character file.

Game seed: 13628971070624309764

8082 galech the Cleaver (level 11, -6/83 HPs)
             Began as a Demonspawn Fighter on Mar 13, 2019.
             Was a High Priest of Okawaru.
             Mangled by a two-headed ogre
             ... wielding a +0 dire flail
              (12 damage)
             ... on level 9 of the Dungeon.
             The game lasted 00:13:54 (8241 turns).

galech the Cleaver (Demonspawn Fighter)             Turns: 8241, Time: 00:13:57

Health: -6/83      AC: 14    Str: 17    XL:     11   Next: 5%
Magic:  12/12      EV: 10    Int: 10    God:    Okawaru [*****.]
Gold:   378        SH: 11    Dex: 15    Spells: 10/10 levels left

rFire    . . .     SeeInvis .   a - +0 war axe
rCold    . . .     Gourm    .   c - +0 shield
rNeg     . . .     Faith    .   H - +0 plate armour
rPois    .         Spirit   .   n - +0 helmet
rElec    .         Reflect  .   y - +1 cloak
rCorr    .         Harm     .   (no gloves)
MR       .....                  (no boots)
Stlth    ..........             v - amulet of regeneration
HPRegen  0.63/turn              r - +5 ring of evasion
MPRegen  0.13/turn              x - +3 ring of slaying

@: corroded
A: hooves 2, iridescent scales 3, rot immunity
a: Heroism, Finesse, Renounce Religion


You were on level 9 of the Dungeon.
You worshipped Okawaru.
Okawaru was extremely pleased with you.
You were not hungry.

You visited 2 branches of the dungeon, and saw 10 of its levels.

You collected 608 gold pieces.
You spent 230 gold pieces at shops.

Inventory:

Hand Weapons
 a - a +0 war axe (weapon)
Armour
 b - a +2 robe of resistance
 c - a +0 shield (worn)
 n - a +0 helmet (worn)
 y - a +1 cloak (worn)
 C - a +1 ring mail of fire resistance
 H - a +0 plate armour (worn)
Jewellery
 r - a +5 ring of evasion (left hand)
 v - an amulet of regeneration (around neck)
 x - a +3 ring of slaying (right hand)
Wands
 l - a wand of flame (22)
 p - a wand of acid (3)
 q - a wand of polymorph (10)
 D - a wand of scattershot (5)
 E - a wand of clouds (5)
Scrolls
 e - 6 scrolls of identify
 g - a scroll of magic mapping
 i - 2 scrolls of fog
 j - 9 scrolls of remove curse
 k - 4 scrolls of amnesia
 m - 3 scrolls of enchant armour
 o - a scroll of immolation
 s - a scroll of noise
 z - 3 scrolls of teleportation
 A - 3 scrolls of blinking
 F - a scroll of vulnerability {unknown}
Potions
 d - a potion of magic
 h - 2 potions of lignification
 t - 3 potions of cancellation
 w - 2 potions of flight
 G - a potion of mutation {unknown}
Comestibles
 f - 14 rations
 B - 10 chunks of flesh


   Skills:
 + Level 6.7 Fighting
 + Level 11.0 Axes
 + Level 6.7 Armour
 + Level 2.8 Dodging
 + Level 0.2 Stealth
 + Level 7.5 Shields
 + Level 1.5 Invocations


You had 10 spell levels left.
You didn't know any spells.
Your spell library contained the following spells:

 Spells                   Type           Power        Failure   Level  Hunger
 Animate Skeleton         Necr           N/A          100%        1    ##.....
 Apportation              Tloc           #.....       100%        1    ##.....
 Confusing Touch          Hex            #.....       100%        1    ##.....
 Magic Dart               Conj           #...         100%        1    ##.....
 Summon Small Mammal      Summ           #...         100%        1    ##.....
 Blink                    Tloc           N/A          100%        2    ###....
 Call Imp                 Summ           #.......     100%        2    ###....
 Slow                     Hex            #.......     100%        2    ###....
 Conjure Flame            Conj/Fire      #.......     100%        3    ####...
 Mephitic Cloud           Conj/Pois/Air  #.......     100%        3    ####...


Dungeon Overview and Level Annotations

Branches:
Dungeon (9/15)             Temple (1/1) D:4             Orc (0/2) D:9
   Lair: D:8-11

Altars:
Ashenzari
Cheibriados
Dithmenos
Elyvilon
Fedhas
Gozag
Hepliaklqana
Kikubaaqudgha
Makhleb
Nemelex Xobeh
Okawaru
Qazlal
Ru
Sif Muna
Trog
Uskayaw
Vehumet
Wu Jian
Xom
Yredelemnul
Zin
The Shining One

Shops:
D:7 *


Innate Abilities, Weirdness & Mutations

You have hoof-like feet.
You are completely covered in iridescent scales. (AC +6)
You are immune to rotting.


Message History

You are too injured to fight recklessly!
You are too injured to fight recklessly!
You are too injured to fight recklessly!
You are too injured to fight recklessly!
You hit the two-headed ogre.
The two-headed ogre is almost dead.
You block the two-headed ogre's attack. The two-headed ogre barely misses you.
You closely miss the two-headed ogre.
You kick the two-headed ogre, but do no damage.
The two-headed ogre is almost dead.
The two-headed ogre hits you with a +0 dire flail!
The two-headed ogre hits you with a +0 giant club.
* * * LOW HITPOINT WARNING * * *
You hit the two-headed ogre but do no damage.
You kick the two-headed ogre.
The two-headed ogre is almost dead.
The two-headed ogre hits you with a +0 dire flail!
* * * LOW HITPOINT WARNING * * *
The two-headed ogre hits you with a +0 giant club!
You die...

..?. #.# ..####..>#..
#... ##.# ...#.....##.
..... ... ........###.
.....# #.## ##.......###
#.....##..###..#+#...#.#
#..(..>...#....+_+...#..
.........#..#..#'#.....#
.....#................#
.... #@..#.............
.. #..O####...#........
.....## ##.#.........
#...#.. .............
### #.. ..............
... ..#............ ..#.
..##........... #..#.


You could see a two-headed ogre.

Vanquished Creatures
  A two-headed ogre (D:7)
  A deep elf mage (D:7)
  A gargoyle (D:7)
  A hippogriff (D:7)
  Eustachio (D:6)
  3 wyverns (D:8)
  Grum (D:8)
  A hungry ghost (D:7)
  Duvessa (D:6)
  A black bear (D:7)
  4 orc warriors
  2 ice beasts
  2 wolves (D:8)
  A necrophage (D:6)
  5 ogres
  2 phantoms
  6 centaurs
  2 big kobolds
  Blork the orc (D:4)
  A gnoll sergeant (D:9)
  4 bullfrogs
  A wyvern skeleton (D:9)
  Dowan (D:6)
  11 killer bees (D:7)
  4 scorpions
  A water moccasin skeleton (D:9)
  4 wights (D:8)
  7 howler monkeys
  7 crimson imps
  4 hounds (D:9)
  2 gnoll shamans
  3 jellies
  6 orc priests
  Crazy Yiuf (D:6)
  4 bullfrog skeletons
  2 centaur skeletons (D:4)
  15 orc wizards
  2 iguanas (D:7)
  3 worker ants
  A hound skeleton (D:7)
  2 hound zombies
  10 gnolls
  A howler monkey skeleton (D:6)
  10 adders
  2 oozes
  An adder skeleton (D:7)
  4 worms
  4 dart slugs
  5 leopard geckos
  38 orcs
  5 giant cockroaches
  5 goblins
  6 hobgoblins
  19 jackals
  17 kobolds
  5 quokkas
  4 ball pythons
  3 bats
  4 frilled lizards
  A giant cockroach zombie (D:5)
  A jackal skeleton (D:6)
  A quokka skeleton (D:6)
  6 rats
275 creatures vanquished.

Vanquished Creatures (others)
  A worker ant (D:8)
1 creature vanquished.

Grand Total: 276 creatures vanquished

Notes
Turn   | Place    | Note
-------+----------+-------------------------------------------
     0 | D:1      | galech the Demonspawn Fighter began the quest for the Orb.
     0 | D:1      | Reached XP level 1. HP: 18/18 MP: 1/1
    44 | D:1      | Gained mutation: You are partially covered in iridescent
                  | scales. (AC +2) [demonic ancestry]
    44 | D:1      | Reached XP level 2. HP: 14/24 MP: 2/2
    67 | D:1      | Reached skill level 2 in Axes
   423 | D:1      | Reached XP level 3. HP: 27/29 MP: 3/3
  1131 | D:2      | Found a shattered altar of Ashenzari.
  1187 | D:2      | Found a snail-covered altar of Cheibriados.
  1538 | D:3      | Found a hide-covered altar of Uskayaw.
  1553 | D:3      | Gained mutation: You have large cloven feet. [demonic
                  | ancestry]
  1553 | D:3      | Reached XP level 4. HP: 23/35 MP: 4/4
  1782 | D:3      | Reached skill level 1 in Dodging
  1961 | D:3      | Reached XP level 5. HP: 30/41 MP: 5/5
  2190 | D:3      | Reached skill level 3 in Axes
  2391 | D:4      | Noticed Blork the orc
  2395 | D:4      | Noticed a phantom
  2400 | D:4      | Killed Blork the orc
  2470 | D:4      | Killed a phantom
  2470 | D:4      | Reached XP level 6. HP: 23/48 MP: 6/6
  2675 | D:4      | Found a staircase to the Ecumenical Temple.
  2712 | Temple   | Entered the Ecumenical Temple
  2783 | Temple   | Became a worshipper of Warmaster Okawaru
  2983 | D:4      | Reached skill level 4 in Axes
  2991 | D:4      | Gained mutation: You are immune to rotting. [demonic
                  | ancestry]
  2991 | D:4      | Reached XP level 7. HP: 22/55 MP: 7/7
  3323 | D:4      | Reached * piety under Okawaru
  3692 | D:5      | Entered Level 5 of the Dungeon
  3742 | D:5      | Reached skill level 5 in Axes
  3852 | D:5      | Found a white marble altar of Elyvilon.
  3854 | D:5      | Found a bloodstained altar of Trog.
  3854 | D:5      | Found a shadowy altar of Dithmenos.
  3855 | D:5      | Found an ornate altar of the Wu Jian Council.
  3855 | D:5      | Found a basalt altar of Yredelemnul.
  3863 | D:5      | Reached XP level 8. HP: 50/61 MP: 8/8
  3933 | D:5      | Found an ancient bone altar of Kikubaaqudgha.
  3934 | D:5      | Found a radiant altar of Vehumet.
  3993 | D:5      | Reached skill level 5 in Armour
  4314 | D:6      | Noticed Dowan
  4315 | D:6      | Noticed Duvessa
  4326 | D:6      | Killed Dowan
  4326 | D:6      | Reached skill level 6 in Axes
  4326 | D:6      | Reached skill level 5 in Shields
  4333 | D:6      | Killed Duvessa
  4333 | D:6      | Reached ** piety under Okawaru
  4719 | D:6      | Noticed Eustachio
  4733 | D:6      | Killed Eustachio
  4733 | D:6      | Reached skill level 5 in Fighting
  4803 | D:6      | Found a glowing golden altar of the Shining One.
  4890 | D:6      | Found a runed translucent door.
  4891 | D:6      | Noticed Crazy Yiuf
  5350 | D:6      | Killed Crazy Yiuf
  5350 | D:6      | Reached skill level 7 in Axes
  5350 | D:6      | Gained mutation: You have hoof-like feet. [demonic
                  | ancestry]
  5350 | D:6      | Reached XP level 9. HP: 66/68 MP: 6/9
  5445 | D:7      | Found Joytroq's Island Escapes.
  5598 | D:7      | Found a glowing silver altar of Zin.
  5598 | D:7      | Found a sacrificial altar of Ru.
  5738 | D:7      | HP: 2/68 [iguana (5)]
  5790 | D:7      | HP: 3/68 [bullfrog (1)]
  5982 | D:7      | Reached *** piety under Okawaru
  6000 | D:7      | Reached skill level 8 in Axes
  6102 | D:7      | Noticed a gargoyle
  6102 | D:7      | Noticed a deep elf mage
  6113 | D:7      | Killed a gargoyle
  6182 | D:7      | Reached skill level 9 in Axes
  6255 | D:7      | Gained mutation: You are mostly covered in iridescent
                  | scales. (AC +4) [demonic ancestry]
  6255 | D:7      | Reached XP level 10. HP: 55/76 MP: 10/10
  6259 | D:7      | Reached **** piety under Okawaru
  6488 | D:7      | Killed a deep elf mage
  6499 | D:7      | Reached skill level 1 in Invocations
  6587 | D:7      | Noticed a two-headed ogre
  6597 | D:7      | Killed a two-headed ogre
  6597 | D:7      | Reached ***** piety under Okawaru
  6597 | D:7      | Reached skill level 10 in Axes
  7366 | D:7      | Bought a potion of flight for 33 gold pieces
  7366 | D:7      | Bought a scroll of blinking for 82 gold pieces
  7366 | D:7      | Bought a scroll of blinking for 82 gold pieces
  7366 | D:7      | Bought a potion of flight for 33 gold pieces
  7460 | D:8      | Received a gift from Okawaru
  7505 | D:8      | Noticed Grum
  7518 | D:8      | Killed Grum
  8055 | D:9      | Gained mutation: You are completely covered in iridescent
                  | scales. (AC +6) [demonic ancestry]
  8055 | D:9      | Reached XP level 11. HP: 83/83 MP: 12/12
  8160 | D:9      | Found a staircase to the Orcish Mines.
  8209 | D:9      | Found an opulent altar of Gozag.
  8223 | D:9      | Reached skill level 11 in Axes
  8226 | D:9      | Noticed a two-headed ogre
  8241 | D:9      | Mangled by a two-headed ogre

Levels and vault maps discovered:
D:1:      erik_arrival_blinker_ship, layout_basic, minmay_fountain_box
D:2:      layout_loops_ring, nicolae_overflow_crystal_walls,
          kennysheep_slug_shrine
D:3:      layout_loops_ring, lemuel_crystal_altar
D:4:      layout_basic, minmay_temple_entry_junction,
          minmay_a_box_with_orc_wizards_in_it, uniq_blork_the_orc
D:5:      layout_rooms, grunt_temple_overflow_open, first_ration
D:6:      layout_loops_ring, tso_altar, uniq_duvessa, uniq_eustachio,
          uniq_crazy_yiuf_cottage
D:7:      minmay_the_grid_plus_closed [minmay_the_grid_minigrid_small,
          minmay_the_grid_box_x, minmay_the_grid_broken_lines,
          minmay_the_grid_outer_diamond, minmay_the_grid_prize_inner_circle],
          layout_layer_cave, gammafunk_temple_overflow_wave,
          chequers_serial_rivers_large_b, nicolae_island_escapes
D:8:      layout_cave_pools, uniq_grum
D:9:      layout_cave_pools, kennysheep_mini_moat, orc_0_dummy,
          serial_gnoll_camp, gnoll_camp_mini_loothouse, gnoll_camp_huts_basic,
          gnoll_camp_medium_02, gnoll_camp_mini_house, gnoll_camp_mini_shop,
          gnoll_camp_mini_house, serial_shops, shop
Temple:   dpeg_three_leaves_temple

Skill      XL: |  1  2  3  4  5  6  7  8  9 10 11 |
---------------+----------------------------------+-----
Shields        | 3 4 5 6 7 |  7.5
Axes           | 2 3 4 5 7 9 10 11 | 11.0
Armour         | 3 4 5 6 |  6.7
Dodging        | 1 2 |  2.8
Fighting       | 4 5 6 |  6.7
Invocations    | 1 |  1.5
Stealth        | |  0.2

Action                   |  1- 3 |  4- 6 |  7- 9 | 10-12 || total
-------------------------+-------+-------+-------+-------++-------
Melee: War axe           |   107 |   151 |   400 |   287 ||   945
       Kick              |       |    44 |   131 |   101 ||   276
Invok: Heroism           |       |       |     4 |     2 ||     6
  Use: Potion            |       |     2 |     4 |     1 ||     7
       Scroll            |       |     7 |     5 |     2 ||    14
  Eat: Chunk             |     2 |     5 |    10 |     4 ||    21
       Ration            |       |       |     1 |     1 ||     2
Armor: Scale mail        |    75 |    40 |       |       ||   115
       Chain mail        |       |    52 |   211 |    83 ||   346
       Plate armour      |       |       |       |    28 ||    28
Dodge: Dodged            |    36 |    60 |   184 |   145 ||   425
Block: Shield            |    55 |    87 |   247 |   161 ||   550

Table legend:
 A = Non-vault XP
 B = Vault XP
 C = Vault XP percentage of total XP
 D = Non-vault monster count
 E = Vault monster count
 F = Vault count percentage of total count
                 A         B        C        D         E       F
            +---------+---------+-------+---------+---------+-------
      Total |    6704 |    4842 |  41.9 |     229 |      47 |  17.0
            +---------+---------+-------+---------+---------+-------
        D:1 |      42 |       0 |   0.0 |      23 |       0 |   0.0
        D:2 |      26 |       4 |  13.3 |      14 |       1 |   6.7
        D:3 |     189 |       0 |   0.0 |      25 |       0 |   0.0
        D:4 |     550 |     278 |  33.6 |      31 |       6 |  16.2
        D:5 |     824 |       0 |   0.0 |      29 |       0 |   0.0
        D:6 |     439 |     594 |  57.5 |      17 |       5 |  22.7
        D:7 |    2114 |    3186 |  60.1 |      34 |      21 |  38.2
        D:8 |    2144 |     438 |  17.0 |      49 |       3 |   5.8
        D:9 |     376 |     342 |  47.6 |       7 |      11 |  61.1
            +---------+---------+-------+---------+---------+-------
